 Dungeon Crawl Stone Soup version 0.28-a0-691-gad6df49e81 (webtiles) character file.

Game seed: 7101885589351909970

3 cheechan the Skirmisher (level 1, -4/21 HPs)
             Began as a Naga Abyssal Knight on Oct 22, 2021.
             Was an Initiate of Lugonu.
             Slain by a gnoll (5 damage)
             ... on level 1 of the Dungeon.
             The game lasted 00:01:10 (206 turns).

cheechan the Skirmisher (Naga Abyssal Knight)        Turns: 206, Time: 00:01:11

Health: -4/21      AC:  2    Str: 15    XL:     1   Next: 50%
Magic:  2/2        EV:  9    Int: 10    God:    Lugonu [......]
Gold:   11         SH:  0    Dex: 11    Spells: 0/0 levels left

rFire   . . .      SeeInvis +   a - +1 hand axe
rCold   . . .      Faith    .   (no shield)
rNeg    . . .      Spirit   .   b - +0 leather armour
rPois   +          Reflect  .   (no helmet)
rElec   .          Harm     .   (no cloak)
rCorr   .          Rampage  .   (no gloves)
Will    .....                   (no barding)
Stlth   +.........              (no amulet)
HPRegen 0.07/turn               (no ring)
MPRegen 0.08/turn               (no ring)

@: short of breath, very slow
A: AC +0, large, see invisible, deformed body, poison resistance, slowness 2,
spit poison 1, naga tail 1
a: Spit Poison, Renounce Religion


You were on level 1 of the Dungeon.
You worshipped Lugonu.
Lugonu was noncommittal.
You visited 1 branch of the dungeon, and saw 1 of its levels.
You visited the Abyss 1 time.

You collected 11 gold pieces.

Inventory:

Hand Weapons
 a - a +1 hand axe (weapon)
Missiles
 c - 15 poisoned darts
Armour
 b - a +0 leather armour (worn)
Scrolls
 d - a scroll of fear {unknown}
Potions
 e - 2 potions of heal wounds {unknown}


   Skills:
 + Level 3.0 Fighting
 + Level 2.0 Axes
 + Level 1.5 Armour
 + Level 1.0 Dodging
 + Level 0.4 Stealth
 + Level 2.1 Invocations


You couldn't memorise any spells.
You didn't know any spells.
Your spell library was empty.

Dungeon Overview and Level Annotations

Branches:
Dungeon (1/15)

Altars:


Innate Abilities, Weirdness & Mutations

Your serpentine skin is tough. (AC +0)
You have supernaturally acute eyesight. (SInv)
Armour fits poorly on your strangely shaped body.
Your system is resistant to poisons. (rPois)
You cover ground very slowly.
You can spit poison.
You have a snake-like lower body.


Message History

e - 2 blue potions A kobold comes into view.
It is wielding a +0 short sword.
The kobold shouts!
You hear a shout!
You hit the kobold but do no damage. The kobold closely misses you.
The kobold hits you with a +0 short sword.
You closely miss the kobold. The kobold hits you but does no damage.
Your leather armour prevents you from hitting the kobold.
The kobold hits you with a +0 short sword.
You hit the kobold but do no damage.
The kobold hits you with a +0 short sword.
You hit the kobold.
The kobold is moderately wounded.
The kobold hits you with a +0 short sword.
You miss the kobold.
The kobold is moderately wounded.
The kobold hits you but does no damage.
A gnoll comes into view. It is wielding a +0 spear.
The kobold hits you but does no damage.
You closely miss the kobold.
The kobold is moderately wounded.
The gnoll shouts!
The kobold hits you but does no damage.
You hit the kobold.
You kill the kobold!
Lugonu accepts your kill.
The gnoll hits you from afar with a +0 spear.
Things that are here:
a +0 short sword; a kobold corpse The gnoll hits you with a +0 spear.
The gnoll hits you with a +0 spear!
* * * LOW HITPOINT WARNING * * *
You hit the gnoll.
The gnoll is moderately wounded.
The gnoll barely misses you.
Abil: Spit Poison
Press: ? - help, Q - select action, (/) - cycle Shift-Dir - straight line, f - gnoll
Aim: a gnoll, wielding a +0 spear (moderately wounded)
The splash of poison hits the gnoll.
The gnoll is severely wounded.
The gnoll hits you with a +0 spear.
You die...

#..# #.# #..# #.#
#..# #.#
#..####.##
..#......... .
#.#.......<. ...
#.#..###....
.....########.#..#
#....
......g@)..##.#..#
#....
##########.##.#).#
#.... #.##.#..#
##..# #....#..#
#..# ####.#..#
#..# #......# #...
#...#..####.##
#.....#..##....#
#..)..#..##....#


You could see a gnoll.

Vanquished Creatures
  2 goblins (D:1)
  A kobold (D:1)
3 creatures vanquished.

Notes
Turn   | Place    | Note
-------+----------+-------------------------------------------
     0 | Abyss:1  | cheechan the Naga Abyssal Knight began the quest for the
                  | Orb.
     0 | Abyss:1  | Reached XP level 1. HP: 21/21 MP: 2/2
    62 | Abyss:1  | Noticed a raiju
    64 | D:1      | Escaped the Abyss
   135 | D:1      | Reached skill level 1 in Dodging
   204 | D:1      | HP: 1/21 [gnoll (7)]
   206 | D:1      | Slain by a gnoll

Illustrated notes

Levels and vault maps discovered:
D:1:      dpeg_arrival_boxes_within_box, layout_basic,
          dreamdust_ecumenical_altar_statues, chequers_arboretum

Skill      XL: |  1 |
---------------+----+-----
Dodging        | 1 |  1.0
Fighting       | |  3.0
Axes           | |  2.0
Armour         | |  1.5
Stealth        | |  0.4
Invocations    | |  2.1

Action                   || total
-------------------------++-------
Melee: Hand axe          ||    18
Invok: Depart the Abyss  ||     1
 Abil: Spit Poison       ||     1
Armor: Leather armour    ||     6
Dodge: Dodged            ||     9

Table legend: (Time is in decaauts)
 A = Elapsed time spent in this place.
 B = Non-inter-level travel time spent in this place.
 C = Inter-level travel time spent in this place.
 D = Time resting spent in this place.
 E = Time spent auto-exploring this place.
 F = Levels seen in this place.
 G = Mean time per level.
                   A        B        C        D        E       F      G
               +--------+--------+--------+--------+--------+-----+--------+
         Total |    292 |    292 |      0 |      0 |      0 |   2 |  146.0 |
       Dungeon |    193 |    193 |      0 |      0 |      0 |   1 |  193.0 |
         Abyss |     98 |     98 |      0 |      0 |      0 |   1 |   98.0 |
               +--------+--------+--------+--------+--------+-----+--------+

Top non-repeatable levels by time:
     D:1: 193 daAuts
 Abyss:1: 98 daAuts
